 Dungeon Crawl Stone Soup version 0.30.1-9-gdf580d7c3d (webtiles) character file.

Game seed: 3253795415281232638

324 lonewolfV2 the Shield-Bearer (level 6, -5/49 HPs)
             Began as a Formicid Fighter on Oct 21, 2023.
             Killed by nerve-wracking pain
             ... invoked by an orc priest
              (11 damage)
             ... on level 3 of the Dungeon.
             The game lasted 00:03:01 (2038 turns).

lonewolfV2 the Shield-Bearer (Formicid Fighter)     Turns: 2038, Time: 00:03:01

Health: -5/49      AC:  9    Str: 23    XL:     6   Next: 77%
Magic:  6/6        EV:  8    Int:  7    God:
Gold:   151        SH:  5    Dex: 13    Spells: 5/5 levels left

rFire   . . .        a - +0 war axe
rCold   . . .        c - +0 buckler
rNeg    . . .        e - +0 chain mail
rPois   .            (helmet unavailable)
rElec   .            (no cloak)
rCorr   .            (no gloves)
SInv    +            (no boots)
Will    .....        n - amulet of faith Stlth
                     (no ring)
HPRegen 0.28/turn    (no ring)
MPRegen 0.10/turn

%: faith
@: lethally poisoned (-5 -> -9)
A: permanent stasis, dig shafts and tunnels, antennae 3, four strong arms
a: Dig, Shaft Self


You were on level 3 of the Dungeon.
You visited 1 branch of the dungeon, and saw 3 of its levels.

You collected 151 gold pieces.

Inventory:

Hand Weapons
 a - a +0 war axe (weapon)
 k - the +10 dagger of the Forgotten Nights {venom, rF+ Will+}
   (You found it on level 2 of the Dungeon)

   rF:        It protects you from fire.
   Will:      It increases your willpower.
Armour
 b - a +0 scale mail
 c - a +0 buckler (worn)
 e - a +0 chain mail (worn)
Jewellery
 n - an amulet of faith (around neck)
Scrolls
 f - 2 scrolls of torment
 j - 3 scrolls of teleportation
 o - a scroll of identify
Potions
 d - a potion of might
 g - a potion of brilliance {unknown}
 h - 4 potions of curing
 i - a potion of berserk rage {unknown}
 l - 2 potions of ambrosia {unknown}
 m - 3 potions of heal wounds
 p - a potion of degeneration {unknown}
 q - a potion of flight {unknown}


   Skills:
 + Level 4.7 Fighting
 + Level 3.7 Axes
 + Level 4.8 Armour
 + Level 5.7 Shields


You had 5 spell levels left.
You didn't know any spells.
Your spell library contained the following spells:

 Spells                   Type           Power      Damage    Failure   Level
 Sting                    Tmut/Pois      0%         1d3       97%         1
 Poisonous Vapours        Pois/Air       0%         N/A       99%         2
 Call Canine Familiar     Summ           0%         N/A       100%        3
 Portal Projectile        Hex/Tloc       0%         N/A       100%        3
 Leda's Liquefaction      Hex/Erth       0%         N/A       100%        4
 Olgreb's Toxic Radiance  Pois           0%         N/A       100%        4


Dungeon Overview and Level Annotations

Branches:
Dungeon (3/15)

Altars:
The Shining One

Shops:
D:1 [


Innate Abilities, Weirdness & Mutations

You cannot be hasted, slowed, berserked, paralysed or teleported.
You can dig through walls and to a lower floor.
You have a pair of large antennae on your head. (SInv)
Your four strong arms can wield two-handed weapons with a shield.


Message History

You hit the orc priest but do no damage.
The orc priest is moderately wounded.
You hit the orc but do no damage.
You feel sick. The orc hits you but does no damage.
You are more poisoned.
You block the orc priest's attack.
The orc hits you with a +2 hand axe of venom.
You are more poisoned.
The orc priest hits you with a +0 flail.
Unknown command.
You slash the orc priest!
You kill the orc priest!
You barely miss the orc.
You feel extremely sick. The orc hits you but does no damage.
An orc priest comes into view. It is wielding a +0 club.
You feel very sick. The orc hits you but does no damage.
You are more poisoned.
Things that are here:
a +0 flail; a +0 leather armour Unknown command.
You slash the orc!
You kill the orc!
You feel very sick.
You feel very sick.
Things that are here:
a +2 hand axe of venom; a +0 leather armour You feel very sick.
The orc priest completely misses you.
You feel sick. The orc priest hits you with a +0 club.
* * * LOW HITPOINT WARNING * * *
You hit the orc priest.
The orc priest is lightly wounded.
* * * LOW HITPOINT WARNING * * *
You feel sick.
The orc priest miscasts a cantrip.
The orc priest mumbles some strange prayers to Beogh against you.
Pain shoots through your body!
You die...

..†............##.#.##.########
..........####.##..............
######.#### ##......########
### #.......# #..#..### #..#..#
#..#### #.)####### #@o.......
#)######## #.# ..# ####


You could see an orc priest.

Vanquished Creatures
  Sigmund (D:3)
  An orc priest (D:3)
  Robin (D:2)
  2 adders (D:2)
  A worm (D:2)
  2 dart slugs (D:2)
  5 orcs (D:3)
  9 ball pythons
  5 endoplasms
  4 giant cockroaches
  10 goblins
  9 hobgoblins
  4 jackals (D:1)
  A kobold (D:3)
  2 quokkas (D:3)
  6 bats
  3 frilled lizards
  5 rats
71 creatures vanquished.

Notes
Turn   | Place    | Note
-------+----------+-------------------------------------------
     0 | D:1      | lonewolfV2 the Formicid Fighter began the quest for the
                  | Orb.
     0 | D:1      | Reached XP level 1. HP: 18/18 MP: 1/1
   100 | D:1      | Reached XP level 2. HP: 19/24 MP: 2/2
   202 | D:1      | Found Joufriy's Antique Armour Shoppe.
   478 | D:1      | Reached XP level 3. HP: 29/29 MP: 3/3
   781 | D:2      | Identified the +10 dagger of the Forgotten Nights {venom,
                  | rF+ Will+}
   828 | D:2      | Reached XP level 4. HP: 37/37 MP: 4/4
   844 | D:2      | Noticed Robin
   877 | D:2      | Killed Robin
  1510 | D:3      | Reached XP level 5. HP: 38/38 MP: 5/5
  1526 | D:3      | Found a glowing golden altar of the Shining One.
  1559 | D:3      | Reached skill level 5 in Shields
  1754 | D:3      | Noticed Sigmund
  1765 | D:3      | Killed Sigmund
  1766 | D:3      | Reached XP level 6. HP: 40/49 MP: 6/6
  2038 | D:3      | Killed from afar by an orc priest

Illustrated notes

Levels and vault maps discovered:
D:1:      dpeg_arrival_tiny_j, layout_rooms, serial_shops, shop
D:2:      layout_basic, uniq_robin
D:3:      layout_basic, mainiacjoe_overflow_alcove_2, uniq_sigmund

Skill      XL: |  1  2  3  4  5 |
---------------+----------------+-----
Fighting       | 4 |  4.7
Armour         | 4 |  4.8
Axes           | 3 |  3.7
Shields        | 5 |  5.7

Action                     |  1- 3 |  4- 6 || total
---------------------------+-------+-------++-------
  Melee: War axe           |    76 |   108 ||   184
    Use: Scroll            |     5 |     4 ||     9
 Armour: Chain mail        |    47 |    49 ||    96
         Scale mail        |     1 |       ||     1
  Dodge: Dodged            |    30 |    50 ||    80
  Block: Buckler           |    23 |    34 ||    57
